 Dungeon Crawl Stone Soup version 0.28.0-47-ge53b351184 (webtiles) character file.

Game seed: 3591642564381868457

212 Zeld the Skirmisher (level 5, 0/41 (48) HPs)
             Began as a Minotaur Berserker on Apr 27, 2022.
             Was a Priest of Trog.
             Slain by a phantom (8 damage)
             ... on level 4 of the Dungeon.
             The game lasted 00:03:01 (4190 turns).

Zeld the Skirmisher (Minotaur Berserker)            Turns: 4190, Time: 00:03:01

HP:   0/41 (48)     AC:  2    Str: 23    XL:     5   Next: 58%
MP:   4/4           EV: 12    Int:  4    God:    Trog [***...]
Gold: 120           SH:  0    Dex: 10    Spells: 4/4 levels left

rFire   . . .      SeeInvis .   a - +0 hand axe
rCold   . . .      Faith    .   (no shield)
rNeg    . . .      Spirit   .   b - +0 animal skin
rPois   .          Reflect  .   (helmet restricted)
rElec   .          Harm     .   (no cloak)
rCorr   .          Rampage  .   (no gloves)
Will    ++...                   (no boots)
Stlth   ++........              (no amulet)
HPRegen 1.13/turn               (no ring)
MPRegen 0.09/turn               (no ring)

@: strong-willed, on berserk cooldown, regenerating, slowed, heavily drained,
very slow
A: horns 2, retaliatory headbutt
a: Renounce Religion, Berserk, Trog's Hand


You were on level 4 of the Dungeon.
You worshipped Trog.
Trog was most pleased with you.
You visited 1 branch of the dungeon, and saw 4 of its levels.
You also visited: Ossuary.

You collected 120 gold pieces.

Inventory:

Hand Weapons
 a - a +0 hand axe (weapon)
Armour
 b - a +0 animal skin (worn)
Scrolls
 g - a scroll of fear {unknown}
 h - 2 scrolls of enchant weapon {unknown}
 i - a scroll of blinking {unknown}
 n - a scroll of identify {unknown}
 o - a scroll of teleportation {unknown}
Potions
 c - 4 potions of flight {unknown}
 d - a potion of cancellation {unknown}
 e - 2 potions of mutation {unknown}
 f - 2 potions of curing {unknown}
 j - a potion of lignification {unknown}
 k - a potion of might {unknown}
 l - a potion of magic {unknown}
 m - a potion of brilliance {unknown}
 p - a potion of ambrosia {unknown}
 q - a potion of degeneration {unknown}
 r - a potion of resistance {unknown}


   Skills:
 * Level 5.1 Fighting
 * Level 5.1 Axes
 + Level 3.4 Armour
 + Level 3.2 Dodging
 + Level 1.4 Stealth


You had 4 spell levels left.
You didn't know any spells.
Your spell library was empty.

Dungeon Overview and Level Annotations

Branches:
Dungeon (4/15)            Ossuary (visited)
 Temple: D:4-7

Altars:

Shops:
D:2 :


Innate Abilities, Weirdness & Mutations

You have a pair of horns on your head.
You reflexively headbutt those who attack you in melee.


Message History

The phantom barely misses you. The phantom hits you.
Your skin crawls.
You feel strong-willed. The phantom hits you!
You fail to use your ability.
The phantom hits you.
The phantom blinks!
You blink.
The phantom barely misses you. You furiously retaliate!
You headbutt the phantom.
You fail to use your ability.
The phantom hits you but does no damage.
Okay, then.
The phantom closely misses you. The phantom hits you.
The phantom blinks!
You blink.
The phantom hits you. The phantom closely misses you. The phantom hits you!
* * * LOW HITPOINT WARNING * * *
The phantom blinks!
You blink.
You hit the phantom.
The phantom is moderately damaged.
The phantom hits you.
You feel the effects of Trog's Hand fading.
The phantom hits you.
The phantom blinks!
You blink.
The phantom hits you.
Your skin crawls.
You feel strong-willed.
You can no longer call in reinforcements.
The phantom hits you!
* * * LOW HITPOINT WARNING * * *
The phantom blinks!
You blink.
The phantom barely misses you.
Okay, then.
The phantom barely misses you. You furiously retaliate!
You headbutt the phantom.
Okay, then.
The phantom hits you.
* * * LOW HITPOINT WARNING * * *
The phantom blinks!
You blink.
The phantom hits you!
* * * LOW HITPOINT WARNING * * *
The phantom hits you but does no damage.
The phantom hits you!
You die...

##.#..#......#...#.#.######.
+.....#..###................
##.#..#....#.......#<.......
#.#..######.#####...######.
#)#............ +..[+
+###.#.#.....#.# #...#
.....#.#.##..#.# #...#
.......#.##..#.##########
..........#..#..@.......#
.##########..#...W....(!# .
##.....#..#..........#
.....................+
##...#.#..#..........# ##
#.####..........#
#...............#
#######.........#
###########


You could see a phantom.

Vanquished Creatures
  Terence (D:3)
  A hound skeleton (D:4)
  A mummy (Ossuary)
  3 adders
  A worm (D:2)
  3 dart slugs
  4 spectral bats (Ossuary)
  6 bats
  8 endoplasms
  4 giant cockroaches
  5 hobgoblins
  7 jackals
  6 quokkas
  9 ball pythons
  3 bat simulacra (Ossuary)
  3 frilled lizards
  12 gnoll zombies (Ossuary)
  5 goblins
  2 goblin simulacra (Ossuary)
  5 hobgoblin zombies (Ossuary)
  5 kobolds
  3 kobold simulacra (Ossuary)
  9 kobold zombies (Ossuary)
  4 orc zombies (Ossuary)
  4 rats
  3 rat simulacra (Ossuary)
  2 rat zombies (D:4)
  A spectral goblin (Ossuary)
  3 spectral kobolds (Ossuary)
  4 spectral rats (Ossuary)
127 creatures vanquished.

Notes
Turn   | Place    | Note
-------+----------+-------------------------------------------
     0 | D:1      | Zeld the Minotaur Berserker began the quest for the Orb.
     0 | D:1      | Reached XP level 1. HP: 19/19 MP: 0/0
   344 | D:1      | Reached XP level 2. HP: 26/27 MP: 1/1
   921 | D:1      | Reached XP level 3. HP: 20/33 MP: 2/2
  1117 | D:1      | Reached ** piety under Trog
  1267 | D:2      | Found Obloaw's Book Shop.
  1280 | D:2      | HP: 1/33 [frozen (4)]
  1806 | D:2      | Reached XP level 4. HP: 35/41 MP: 3/3
  1856 | D:2      | Reached skill level 1 in Stealth
  2017 | D:2      | Found a faded altar of an unknown god.
  2782 | D:3      | Noticed Terence
  2790 | D:3      | Killed Terence
  3107 | D:4      | Reached XP level 5. HP: 38/47 MP: 4/4
  3115 | D:4      | Found a sand-covered staircase.
  3123 | Ossuary  | Entered an ossuary
  3214 | Ossuary  | Reached *** piety under Trog
  3428 | Ossuary  | Reached skill level 5 in Fighting
  3734 | Ossuary  | Reached skill level 5 in Axes
  4031 | Ossuary  | Reached **** piety under Trog
  4156 | D:4      | Noticed a phantom
  4190 | D:4      | Slain by a phantom

Illustrated notes

Levels and vault maps discovered:
D:1:      dpeg_arrival_orchard, layout_loops_cross, minmay_tree_intersection
D:2:      layout_rooms, serial_shops, shop, ebering_ecumenical_altar_box
D:3:      layout_basic, grunt_ministairs_8, uniq_terence
D:4:      gammafunk_wand_slinger, layout_basic, enter_ossuary_4

Skill      XL: |  1  2  3  4  5 |
---------------+----------------+-----
Fighting       | 4 5 |  5.1
Axes           | 4 5 |  5.1
Armour         | 3 |  3.4
Stealth        | 1 |  1.4
Dodging        | 3 |  3.2

Action                   |  1- 3 |  4- 6 || total
-------------------------+-------+-------++-------
Melee: Hand axe          |    99 |   168 ||   267
       Headbutt          |    12 |    25 ||    37
Invok: Trog's Hand       |     1 |     2 ||     3
       Berserk           |       |     2 ||     2
 Stab: Sleeping          |     2 |     6 ||     8
Armor: Animal skin       |    26 |    41 ||    67
Dodge: Dodged            |    71 |   113 ||   184
